 Dungeon Crawl Stone Soup version 0.13.0-9-gbc74161 (webtiles) character file.

250 Nyohoho the Ruffian (level 5, -14/39 HPs)
             Began as a Mummy Monk on Oct 17, 2013.
             Was a Believer of Cheibriados.
             Demolished by Crazy Yiuf
             ... wielding a +3,+3 quarterstaff of chaos
              (15 damage)
             ... on Level 3 of the Dungeon.
             The game lasted 00:05:22 (3340 turns).

Nyohoho the Ruffian (Mummy Monk)                    Turns: 3340, Time: 00:05:22

HP -14/39        AC  5     Str 20      XL: 5   Next:  2%
MP   4/4         EV 10     Int 14      God: Cheibriados [**....]
Gold 110         SH  0     Dex 19      Spells:  0 memorised,  4 levels left

Res.Fire  : x . .   See Invis. : .     - Unarmed
Res.Cold  : + . .   Warding    : .   c - +0 ring mail (curse)
Life Prot.: + + +   Conserve   : .   (no shield)
Res.Poison: +       Res.Corr.  : .   (no helmet)
Res.Elec. : .       Clarity    : .   (no cloak)
Sust.Abil.: . .     Spirit.Shd : .   (no gloves)
Res.Mut.  : .       Stasis     : .   (no boots)
Res.Rott. : +       Flight     : .   (no amulet)
Saprovore : . . .                    (no ring)
                                     (no ring)

@: very slow, slightly resistant to hostile enchantments, unstealthy
A: no food or potions, fire vulnerability, restore body, cold resistance 1, life
protection 3, poison resistance, torment resistance, unbreathing
a: Bend Time, Renounce Religion


You were on level 3 of the Dungeon.
You worshipped Cheibriados.
Cheibriados was pleased with you.
You were not hungry.

You visited 1 branch of the dungeon, and saw 4 of its levels.

You collected 110 gold pieces.

Inventory:

Hand weapons
 h - a +2,+1 dagger of holy wrath (quivered)
Armour
 a - a +0 robe
 c - a cursed +0 ring mail (worn)
Scrolls
 b - 2 scrolls of curse armour
 f - a scroll of teleportation {unknown}
 i - a scroll of identify {unknown}


   Skills:
 - Level 3.0 Fighting
 - Level 2.4 Dodging
 - Level 1.5 Stealth
 + Level 5.2 Unarmed Combat


You had 4 spell levels left.
You didn't know any spells.

Dungeon Overview and Level Annotations

Branches:
Dungeon (4/27)
 Temple: D:4-7

Altars:
Cheibriados

Annotations:
D:3 Crazy Yiuf


Innate Abilities, Weirdness & Mutations

You do not eat or drink.
Your flesh is vulnerable to fire.
Your flesh is cold resistant.
You are immune to negative energy.
Your system is resistant to poisons.
You are immune to unholy pain and torment.
You can survive without breathing.


Message History

The gnoll is heavily wounded.
The gnoll barely misses you.
You hit the gnoll.
The gnoll is severely wounded.
The gnoll hits you with a whip.
* * * LOW HITPOINT WARNING * * *
You barely miss the gnoll. You punch the gnoll.
You kill the gnoll!
Cheibriados thoroughly appreciates the change of pace.
You have reached level 5!
Use which ability? (? or * to list)
You can't do that.
Use which ability? (? or * to list)
You can't do that.
Use which ability? (? or * to list)
You fail to use your ability.
Crazy Yiuf hits you with a quarterstaff of chaos.
* * * LOW HITPOINT WARNING * * *
You are electrocuted!
You die...

###.##.#
########.#.##
#.##.#
#....g...%..#
#.##.#
#g######.#..#
#.##.#######.###
#)#..#
#.##...%....)%.#
#.#..#
#.##########.#.#
##....# ###.#
#(#.# #.....#
.$..# #)#g#
#.##.<# #####
#.#@# #.##..#
#...###.##..# ##
#).###.#.#..# ..
#..##.###...# .#
#....#####O.# .#
##.##.%.....## .#
.. #.##..#.....#
.# ##.#
#.##.......## .#
...O.#.##O#.##.##


You could see Crazy Yiuf.

Vanquished Creatures
  4 adders
  3 gnolls (D:3)
  2 worms
  4 giant cockroaches
  8 goblins
  4 hobgoblins
  7 jackals
  A quokka (D:2)
  3 ball pythons
  8 bats
  4 giant newts
  10 kobolds
  10 rats
68 creatures vanquished.

Vanquished Creatures (others)
  A hobgoblin (D:1)
1 creature vanquished.

Grand Total: 69 creatures vanquished

Notes
Turn   | Place    | Note
--------------------------------------------------------------
     0 | D:1      | Nyohoho, the Mummy Monk, began the quest for the Orb.
     0 | D:1      | Reached XP level 1. HP: 16/16 MP: 0/0
   671 | D:1      | Reached XP level 2. HP: 22/22 MP: 1/1
  1304 | D:1      | Reached skill level 4 in Unarmed Combat
  1595 | D:2      | Reached XP level 3. HP: 16/28 MP: 2/2
  2409 | D:2      | Reached XP level 4. HP: 34/34 MP: 3/3
  2759 | D:3      | Noticed an ogre
  2925 | D:3      | Noticed Crazy Yiuf
  2944 | D:3      | Found a snail-covered altar of Cheibriados.
  3123 | D:3      | Became a worshipper of Cheibriados the Contemplative
  3123 | D:3      | Acquired Cheibriados' first power
  3268 | D:3      | Reached skill level 5 in Unarmed Combat
  3339 | D:3      | Reached XP level 5. HP: 5/39 MP: 4/4
  3340 | D:3      | HP: 1/39 [Crazy Yiuf/quarterstaff of chaos (5)]
  3340 | D:3      | Demolished by Crazy Yiuf

Action                   |  1- 3 |  4- 6 || total
-------------------------+-------+-------++-------
Melee: Unarmed           |   213 |    85 ||   298
  Use: Scroll            |       |     4 ||     4
 Stab: Sleeping          |     1 |       ||     1
